Description

정석 운영

Build Order

Get SALT Encoding   

  14  0:17  Supply Depot  
  16  0:40  Barracks  
  16  0:43  Refinery  
  19  1:27  Reaper, Orbital Command  
  20  1:39  Command Center  
  20  1:50  Supply Depot  
  21  1:59  Marine  
  23  2:08  Factory  
  23  2:13  Refinery  
  24  2:21  Barracks Reactor  
  26  2:51  Orbital Command  
  25  2:52  Starport  
  27  3:00  Hellion x2  
  31  3:04  Barracks Tech Lab  
  33  3:16  Supply Depot  
  34  3:21  Hellion x2  
  40  3:34  Cloaking Field, Banshee  
  43  3:37  Marine  
  46  3:44  Supply Depot  
  48  3:55  Barracks Tech Lab  
  48  4:01  Factory Reactor  
  48  4:08  Command Center  
  50  4:15  Marine  
  51  4:17  Banshee  
  56  4:25  Barracks x2, Stimpack  
  57  4:44  Engineering Bay x2  
  57  4:47  Refinery x2, Factory Reactor, Supply Depot  
  59  4:51  Marine  
  62  5:12  Terran Infantry Armor Level 1, Terran Infantry Weapons Level 1  
  64  5:21  Orbital Command  
  67  5:32  Barracks x2  
  67  5:34  Medivac x2  
  77  5:47  Siege Tank  
  90  6:00  Combat Shield  
  98  6:20  Armory  
  100  6:45  Barracks x3  
Spawning Tool Build Advisor. Get it on Overwolf

Analysis

컨 중요

Go to:

Details

  • Created by: Lee
  • Published on: Apr 18, 2020
  • Modified on: Apr 18, 2020
  • Patch: 4.11.0
Show
View Real Time Build Order
Export as new Build Order

Comments (0)

There are no comments. Be the first!

Create an account to comment!